 Dungeon Crawl Stone Soup version 0.26-a0-489-g112e8ad46e (webtiles) character file.

Game seed: 10236102816096928484

20056 Gargoyl the Fighter (level 12, -6/87 HPs)
             Began as a Gnoll Abyssal Knight on Aug 3, 2020.
             Was an Elder of Lugonu.
             Mangled by a lindwurm (11 damage)
             ... on level 4 of the Lair of Beasts.
             The game lasted 00:15:24 (9529 turns).

Gargoyl the Fighter (Gnoll Abyssal Knight)          Turns: 9529, Time: 00:15:24

Health: -6/87      AC: 17    Str: 20      XL:     12   Next: 75%
Magic:  22/23      EV: 15    Int: 13 (14) God:    Lugonu [****..]
Gold:   1111       SH: 11    Dex: 17      Spells: 26/26 levels left

rFire    + . .     SeeInvis .   c - +10 hand axe of Amortisation {flame, rPois}
rCold    . . .     Faith    .   x - +0 kite shield
rNeg     . . .     Spirit   .   I - +2 chain mail {rF+}
rPois    +         Reflect  .   t - +2 helmet
rElec    .         Harm     .   (no cloak)
rCorr    .                      f - +0 pair of gloves
MR       .....                  o - +2 pair of boots
Stlth    +.........             w - amulet of regeneration
HPRegen  0.64/turn              k - +4 ring of evasion
MPRegen  0.18/turn              (no ring)

@: frozen, lightly drained, very slow
A: distributed training, fangs 1, deformed body, frail 1, strong 1, subdued
magic 1, strong nose
a: Depart the Abyss, Bend Space, Banish, Corrupt, Renounce Religion


You were on level 4 of the Lair of Beasts.
You worshipped Lugonu.
Lugonu was greatly pleased with you.
You visited 2 branches of the dungeon, and saw 12 of its levels.
You visited the Abyss 2 times.
You also visited: Ossuary.

You collected 1111 gold pieces.

Inventory:

Hand Weapons
 a - a +1 hand axe
 c - the +10 hand axe of Amortisation (weapon) {flame, rPois}
   (You found it on level 2 of the Abyss)

   It has been specially enchanted to burn those struck by it, causing extra
   injury to most foes and up to half again as much damage against particularly
   susceptible opponents.
   Big, fiery blades are also staple armaments of hydra-hunters.
   It protects you from poison.
 H - a +1 war axe of electrocution
Missiles
 M - 8 boomerangs (quivered)
Armour
 f - a +0 pair of gloves (worn)
 o - a +2 pair of boots (worn)
 t - a +2 helmet (worn)
 x - a +0 kite shield (worn)
 I - a +2 chain mail of fire resistance (worn)
 N - a +2 ring mail of fire resistance
Jewellery
 k - a +4 ring of evasion (left hand)
 w - an amulet of regeneration (around neck)
 G - an uncursed ring of flight
Wands
 g - a wand of random effects (10)
 n - a wand of iceblast (14)
 y - a wand of acid (15)
 A - a wand of flame (19)
 F - a wand of enslavement (5)
 K - a wand of polymorph (14)
Scrolls
 e - 4 scrolls of immolation
 i - 11 scrolls of remove curse
 m - 3 scrolls of identify
 p - 12 scrolls of teleportation
 v - 4 scrolls of fear
 E - a scroll of blinking
Potions
 b - 8 potions of curing
 h - a potion of resistance
 j - 2 potions of cancellation
 l - a potion of haste
 r - a potion of ambrosia
 s - 3 potions of stabbing
 u - 2 potions of invisibility
 z - 2 potions of lignification {unknown}
 B - 2 potions of flight {unknown}
 C - 3 potions of degeneration {unknown}
 D - 2 potions of magic {unknown}
 L - 2 potions of brilliance {unknown}
Miscellaneous
 J - a lightning rod (4/4)


   Skills:
 + Level 10.0(9.6) Fighting
 + Level 7.6(7.2) Short Blades
 + Level 7.6(7.2) Long Blades
 + Level 9.0(8.6) Axes
 + Level 7.6(7.2) Maces & Flails
 + Level 7.6(7.2) Polearms
 + Level 7.6(7.2) Staves
 + Level 7.6(7.2) Slings
 + Level 7.6(7.2) Bows
 + Level 7.6(7.2) Crossbows
 + Level 7.6(7.2) Throwing
 + Level 9.0(8.6) Armour
 + Level 8.1(7.7) Dodging
 + Level 7.6(7.2) Stealth
 + Level 7.6(7.2) Shields
 + Level 7.6(7.2) Unarmed Combat
 + Level 7.6(7.2) Spellcasting
 + Level 6.3(5.9) Conjurations
 + Level 6.3(5.9) Hexes
 + Level 6.3(5.9) Summonings
 + Level 6.3(5.9) Necromancy
 + Level 6.3(5.9) Translocations
 + Level 6.3(5.9) Transmutations
 + Level 6.3(5.9) Fire Magic
 + Level 6.3(5.9) Ice Magic
 + Level 6.3(5.9) Air Magic
 + Level 6.3(5.9) Earth Magic
 + Level 6.3(5.9) Poison Magic
 + Level 9.5(9.1) Invocations
 + Level 7.6(7.2) Evocations


You had 26 spell levels left.
You didn't know any spells.
Your spell library contained the following spells:

 Spells                   Type           Power        Failure   Level
 Bolt of Magma            Conj/Fire/Erth ###.......   100%        5
 Iskenderun's Battlesphe  Conj           ###.....     100%        5
 Iron Shot                Conj/Erth      ###.......   100%        6
 Orb of Destruction       Conj           ###.......   100%        7
 Spellforged Servitor     Conj/Summ      ###.......   100%        7


Dungeon Overview and Level Annotations

Branches:
Dungeon (8/15)             Temple (0/1) D:4            Lair (4/6) D:8
 Shoals (0/4) Lair:4        Snake (0/4) Lair:3      Ossuary (visited)

Altars:
Dithmenos
Gozag
Makhleb
Qazlal
Zin

Shops:
D:4 :


Innate Abilities, Weirdness & Mutations

Your experience applies equally to all skills.
You have very sharp teeth.
Your uncanny sense of smell can sniff out nearby items.
Armour fits poorly on your strangely shaped body.
You are frail. (-10% HP)
Your muscles are strong. (Str +2)
Your spells are a little easier to cast, but a little less powerful.


Message History

The wavering orb of destruction weakly hits you!!!
Ouch! That really hurt!
You hit the ancient lich but do no damage.
The ancient lich is lightly damaged.
The ancient lich touches you!
You feel drained.
* * * LOW HITPOINT WARNING * * *
You hit the ancient lich.
The ancient lich is lightly damaged.
The ancient lich closely misses you.
You pass through the gate.
Welcome back to the Lair of Beasts!
Splash!
You fall into the shallow water.
Moving in this stuff is going to be slow.
The rime drake breathes ice at you. The flash freeze hits you!!
* * * LOW HITPOINT WARNING * * *
You are encased in ice.
The lindwurm bites you!
You die...

♣♣♣P≈≈≈≈≈≈≈≈. ♣♣♣♣
♣♣♣♣♣≈≈≈≈≈
♣♣♣♣≈≈♣♣♣≈≈♣♣≈≈≈≈≈
♣♣≈≈≈≈≈≈≈≈≈≈P≈≈≈≈≈≈
♣≈≈≈≈≈≈≈≈≈≈≈≈≈≈≈≈≈.
♣≈≈≈P≈≈≈♣≈♣♣≈≈≈≈≈♣♣
♣≈≈♣♣###♣♣♣.♣♣♣#♣♣.
#'## ##.# ##
#≈@##### #### #
#≈kk≈≈≈####≈≈≈≈# ≈
#≈≈≈≈≈≈≈88≈≈≈#≈≈##≈
#≈≈≈##≈≈≈≈≈≈##≈≈#≈≈
#≈≈≈# #≈≈≈≈## ≈≈≈≈≈
##### ##### ####


You could see a lindwurm and a rime drake (catching breath).

Vanquished Creatures
  Harold (Lair:1)
  A hydra (Lair:1)
  A two-headed ogre (D:8)
  2 tengu warriors (D:8)
  A fire crab (Lair:4)
  A spatial maelstrom (Abyss:1)
  3 black mambas
  Joseph (D:7)
  A merfolk siren (Lair:4)
  2 rime drakes (Lair:4)
  9 cane toads
  5 komodo dragons
  Prince Ribbit (D:5)
  A hornet (D:8)
  A dream sheep (Lair:4)
  8 blink frogs
  3 hippogriffs
  Sigmund (D:2)
  2 fire bats (Lair:4)
  3 wyverns
  5 yaks (Lair:2)
  Menkaure (D:7)
  Grum (Lair:1)
  A neqoxec (Abyss:1)
  5 water moccasins
  3 porcupines
  2 sky beasts (D:7)
  A black bear (Lair:3)
  An ice beast (D:8)
  6 wolves
  2 phantoms (D:8)
  A necrophage (D:8)
  3 ogres
  4 crocodiles
  5 bullfrogs
  2 gnoll sergeants (D:8)
  A wyvern skeleton (D:7)
  3 scorpions
  An electric eel (Lair:4)
  5 wights (D:8)
  6 howler monkeys
  A jelly (D:7)
  3 centaur zombies
  A bullfrog skeleton (D:6)
  4 hounds
  An orc priest (D:5)
  6 orc wizards
  4 iguanas
  4 worker ants
  A killer bee zombie (D:5)
  A hound skeleton (D:8)
  8 mummies (Ossuary)
  8 gnolls (D:8)
  10 adders
  A shadow imp (D:7)
  An adder skeleton (D:6)
  2 worms (D:4)
  4 dart slugs
  3 leopard geckos
  28 orcs
  12 bats
  6 giant cockroaches
  A gnoll zombie (Ossuary)
  6 hobgoblins
  10 jackals
  4 kobolds
  6 quokkas
  A ball python (D:6)
  5 frilled lizards
  7 goblins
  3 hobgoblin zombies (Ossuary)
  3 kobold zombies (Ossuary)
  2 leopard gecko skeletons
  A leopard gecko zombie (D:7)
  An orc zombie (Ossuary)
  6 rats
  A fungus (Lair:4)
273 creatures vanquished.

Vanquished Creatures (others)
  A ynoxinul (Abyss:1)
  8 toadstools (Lair:4)
9 creatures vanquished.

Grand Total: 282 creatures vanquished

Notes
Turn   | Place    | Note
-------+----------+-------------------------------------------
     0 | Abyss:1  | Gargoyl the Gnoll Abyssal Knight began the quest for the
                  | Orb.
     0 | Abyss:1  | Reached XP level 1. HP: 23/23 MP: 3/3
    38 | Abyss:2  | Noticed an apocalypse crab
    41 | Abyss:2  | Noticed a smoke demon
    43 | Abyss:2  | Got an encrusted hand axe
    44 | D:1      | Escaped the Abyss
    45 | D:1      | Identified the +10 hand axe of Amortisation {flame, rPois}
                  | (You found it on level 2 of the Abyss)
    78 | D:1      | Reached * piety under Lugonu
    78 | D:1      | Reached XP level 2. HP: 29/29 MP: 5/5
   406 | D:1      | Reached XP level 3. HP: 35/35 MP: 6/6
   807 | D:2      | Gained mutation: Your spells are a little easier to cast,
                  | but a little less powerful. [potion of mutation]
   807 | D:2      | Gained mutation: Your muscles are strong. (Str +2) [potion
                  | of mutation]
   818 | D:2      | Reached skill level 1 in Short Blades
   818 | D:2      | Reached skill level 1 in Long Blades
   818 | D:2      | Reached skill level 1 in Maces & Flails
   818 | D:2      | Reached skill level 1 in Polearms
   818 | D:2      | Reached skill level 1 in Staves
   818 | D:2      | Reached skill level 1 in Slings
   818 | D:2      | Reached skill level 1 in Bows
   818 | D:2      | Reached skill level 1 in Crossbows
   818 | D:2      | Reached skill level 1 in Throwing
   818 | D:2      | Reached skill level 1 in Stealth
   818 | D:2      | Reached skill level 1 in Shields
   818 | D:2      | Reached skill level 1 in Unarmed Combat
   818 | D:2      | Reached skill level 1 in Spellcasting
   818 | D:2      | Reached skill level 1 in Evocations
   956 | D:2      | Noticed Sigmund
   960 | D:2      | Killed Sigmund
   960 | D:2      | Reached skill level 1 in Conjurations
   960 | D:2      | Reached skill level 1 in Hexes
   960 | D:2      | Reached skill level 1 in Summonings
   960 | D:2      | Reached skill level 1 in Necromancy
   960 | D:2      | Reached skill level 1 in Translocations
   960 | D:2      | Reached skill level 1 in Transmutations
   960 | D:2      | Reached skill level 1 in Fire Magic
   960 | D:2      | Reached skill level 1 in Ice Magic
   960 | D:2      | Reached skill level 1 in Air Magic
   960 | D:2      | Reached skill level 1 in Earth Magic
   960 | D:2      | Reached skill level 1 in Poison Magic
   960 | D:2      | Reached XP level 4. HP: 37/41 MP: 7/7
   960 | D:2      | Reached XP level 5. HP: 43/47 MP: 8/8
   962 | D:2      | Reached skill level 5 in Invocations
  1224 | D:2      | Reached XP level 6. HP: 53/53 MP: 9/9
  1263 | D:3      | Reached ** piety under Lugonu
  1369 | D:3      | Found a shadowy altar of Dithmenos.
  1696 | D:4      | Reached skill level 5 in Axes
  1696 | D:4      | Reached skill level 5 in Armour
  2057 | D:4      | Found a staircase to the Ecumenical Temple.
  2077 | D:4      | Reached XP level 7. HP: 57/59 MP: 10/10
  2379 | D:4      | Found Poilyrph's Book Boutique.
  2451 | D:5      | Entered Level 5 of the Dungeon
  2458 | D:5      | Reached skill level 7 in Fighting
  2760 | D:5      | Noticed Prince Ribbit
  2762 | D:5      | Reached *** piety under Lugonu
  2764 | D:5      | Killed Prince Ribbit
  2764 | D:5      | Reached XP level 8. HP: 45/67 MP: 12/12
  3252 | D:5      | Found an opulent altar of Gozag.
  3553 | D:6      | Found a stormy altar of Qazlal.
  3877 | D:6      | Found a glowing silver altar of Zin.
  3914 | D:6      | Found a burning altar of Makhleb.
  4207 | D:7      | Got an ichor-stained helmet
  4218 | D:7      | Identified the -4 helmet of Rekach {Str+4} (You found it on
                  | level 7 of the Dungeon)
  4284 | D:7      | Noticed Joseph
  4296 | D:7      | Killed Joseph
  4296 | D:7      | Reached XP level 9. HP: 44/73 MP: 13/15
  4316 | D:7      | Noticed Menkaure
  4323 | D:7      | Killed Menkaure
  4393 | D:7      | Found a sand-covered staircase.
  4399 | Ossuary  | Entered an ossuary
  4411 | Ossuary  | Reached **** piety under Lugonu
  4606 | D:7      | Reached skill level 5 in Dodging
  4812 | D:7      | Reached skill level 8 in Fighting
  5086 | D:8      | Noticed a two-headed ogre
  5096 | D:8      | Killed a two-headed ogre
  5106 | D:8      | Reached XP level 10. HP: 79/80 MP: 17/17
  5177 | D:8      | Reached skill level 5 in Short Blades
  5177 | D:8      | Reached skill level 5 in Long Blades
  5177 | D:8      | Reached skill level 5 in Maces & Flails
  5177 | D:8      | Reached skill level 5 in Polearms
  5177 | D:8      | Reached skill level 5 in Staves
  5177 | D:8      | Reached skill level 5 in Slings
  5177 | D:8      | Reached skill level 5 in Bows
  5177 | D:8      | Reached skill level 5 in Crossbows
  5177 | D:8      | Reached skill level 5 in Throwing
  5177 | D:8      | Reached skill level 5 in Stealth
  5177 | D:8      | Reached skill level 5 in Shields
  5177 | D:8      | Reached skill level 5 in Unarmed Combat
  5177 | D:8      | Reached skill level 5 in Spellcasting
  5177 | D:8      | Reached skill level 5 in Evocations
  5274 | D:8      | Reached ***** piety under Lugonu
  5456 | D:8      | Found a staircase to the Lair.
  5485 | D:8      | Noticed a tengu warrior
  5486 | D:8      | Noticed a tengu warrior
  5505 | D:8      | Killed a tengu warrior
  5511 | D:8      | Killed a tengu warrior
  6048 | Lair:1   | Entered Level 1 of the Lair of Beasts
  6050 | Lair:1   | Noticed Harold
  6084 | Lair:1   | Killed Harold
  6084 | Lair:1   | Reached XP level 11. HP: 61/87 MP: 19/19
  6116 | Lair:1   | Reached skill level 9 in Fighting
  6130 | Lair:1   | Reached skill level 5 in Conjurations
  6130 | Lair:1   | Reached skill level 5 in Hexes
  6130 | Lair:1   | Reached skill level 5 in Summonings
  6130 | Lair:1   | Reached skill level 5 in Necromancy
  6130 | Lair:1   | Reached skill level 5 in Translocations
  6130 | Lair:1   | Reached skill level 5 in Transmutations
  6130 | Lair:1   | Reached skill level 5 in Fire Magic
  6130 | Lair:1   | Reached skill level 5 in Ice Magic
  6130 | Lair:1   | Reached skill level 5 in Air Magic
  6130 | Lair:1   | Reached skill level 5 in Earth Magic
  6130 | Lair:1   | Reached skill level 5 in Poison Magic
  6468 | Lair:1   | Noticed a seven-headed hydra
  6477 | Lair:1   | Killed a one-headed hydra
  6662 | Lair:1   | Found a dark tunnel.
  6797 | Lair:1   | Noticed Grum
  6810 | Lair:1   | Killed Grum
  7505 | Lair:2   | Reached XP level 12. HP: 76/96 MP: 22/22
  8370 | Lair:3   | Found a staircase to the Snake Pit.
  9091 | Lair:4   | Found a staircase to the Shoals.
  9297 | Lair:4   | Reached skill level 10 in Fighting
  9316 | Lair:4   | Noticed a catoblepas
  9336 | Lair:4   | Found a runed translucent door.
  9454 | Abyss:1  | Gained mutation: You are frail. (-10% HP) [a neqoxec]
  9463 | Abyss:1  | Gained mutation: Armour fits poorly on your strangely
                  | shaped body. [a neqoxec]
  9489 | Abyss:1  | Found a corrupted altar of Lugonu.
  9517 | Abyss:1  | Noticed an ancient lich
  9529 | Lair:4   | Escaped the Abyss
  9529 | Lair:4   | Mangled by a lindwurm

Illustrated notes

Levels and vault maps discovered:
D:1:      dpeg_arrival_brainrot, layout_rooms
D:2:      layout_loops_ring, uniq_sigmund
D:3:      layout_rooms, nicolae_dithmenos_through_a_glass_darkly, serial_curves,
          eino_curves_04, eino_curves_03
D:4:      layout_loops_ring, minmay_temple_entry_butterflies, serial_shops,
          nicolae_shop_window_shopping, kennysheep_generic_room_12
D:5:      layout_loops_ring, kennysheep_little_box, sigmund_army,
          uniq_prince_ribbit1
D:6:      layout_loops_ring, makhleb_heckhound_becter, grunt_qazlal_clouds,
          zin_treasury, corner_web_ring
D:7:      layout_basic, enter_ossuary_1, uniq_menkaure, uniq_joseph
D:8:      layout_basic, lair_entry_dummy
Lair:1:   layout_chaotic_city, nicolae_volcano_entry_s_turn, grunt_megastairs_4,
          lemuel_fruit_fields, uniq_grum, uniq_harold
Lair:2:   layout_gridlike
Lair:3:   layout_cave_pods, dummy_snake_entry, grunt_megastairs_5
Lair:4:   gammafunk_lair_enchanted_lake, layout_gridlike,
          minmay_shoals_entry_lonely_mermaid

Skill      XL: |  1  2  3  4  5  6  7  8  9 10 11 12 |
---------------+-------------------------------------+-----
Short Blades   | 1 2 4 5 6 7 |  7.6
Long Blades    | 1 2 4 5 6 7 |  7.6
Maces & Flails | 1 2 4 5 6 7 |  7.6
Polearms       | 1 2 4 5 6 7 |  7.6
Staves         | 1 2 4 5 6 7 |  7.6
Slings         | 1 2 4 5 6 7 |  7.6
Bows           | 1 2 4 5 6 7 |  7.6
Crossbows      | 1 2 4 5 6 7 |  7.6
Throwing       | 1 2 4 5 6 7 |  7.6
Stealth        | 1 2 4 5 6 7 |  7.6
Shields        | 1 2 4 5 6 7 |  7.6
Unarmed Combat | 1 2 4 5 6 7 |  7.6
Spellcasting   | 1 2 4 5 6 7 |  7.6
Evocations     | 1 2 4 5 6 7 |  7.6
Dodging        | 3 4 5 6 7 8 |  8.1
Conjurations   | 1 2 3 4 5 6 |  6.3
Hexes          | 1 2 3 4 5 6 |  6.3
Summonings     | 1 2 3 4 5 6 |  6.3
Necromancy     | 1 2 3 4 5 6 |  6.3
Translocations | 1 2 3 4 5 6 |  6.3
Transmutations | 1 2 3 4 5 6 |  6.3
Fire Magic     | 1 2 3 4 5 6 |  6.3
Ice Magic      | 1 2 3 4 5 6 |  6.3
Air Magic      | 1 2 3 4 5 6 |  6.3
Earth Magic    | 1 2 3 4 5 6 |  6.3
Poison Magic   | 1 2 3 4 5 6 |  6.3
Invocations    | 5 6 7 8 9 |  9.5
Axes           | 5 6 7 8 9 |  9.0
Armour         | 5 6 7 8 9 |  9.0
Fighting       | 7 8 9 10 | 10.0

Action                   |  1- 3 |  4- 6 |  7- 9 | 10-12 || total
-------------------------+-------+-------+-------+-------++-------
Melee: Hand axe          |    55 |    68 |   187 |   473 ||   783
       Bite              |     3 |     4 |    30 |    57 ||    94
       Punch             |       |       |     1 |       ||     1
Invok: Depart the Abyss  |     1 |       |       |     1 ||     2
       Banish            |       |       |       |     2 ||     2
       Enter the Abyss   |       |       |       |     1 ||     1
Evoke: Wand              |       |       |       |     1 ||     1
  Use: Scroll            |     7 |     2 |    10 |     9 ||    28
       Potion            |     1 |       |       |     4 ||     5
Armor: Leather armour    |    14 |       |       |       ||    14
       Scale mail        |     9 |    33 |    21 |       ||    63
       Plate armour      |       |       |    37 |    82 ||   119
       Chain mail        |       |       |       |   110 ||   110
Dodge: Dodged            |    52 |    65 |    83 |   220 ||   420
Block: Kite shield       |       |       |    42 |   297 ||   339

Table legend: (Time is in decaauts)
 A = Elapsed time spent in this place.
 B = Non-inter-level travel time spent in this place.
 C = Inter-level travel time spent in this place.
 D = Time resting spent in this place.
 E = Time spent auto-exploring this place.
 F = Levels seen in this place.
 G = Mean time per level.
                   A        B        C        D        E       F      G
               +--------+--------+--------+--------+--------+-----+--------+
         Total |   9547 |   9173 |    374 |    872 |   6111 |  16 |  596.7 |
       Dungeon |   5845 |   5568 |    277 |    452 |   3815 |   8 |  730.6 |
          Lair |   3335 |   3238 |     97 |    366 |   2150 |   4 |  833.8 |
         Abyss |    186 |    186 |      0 |     40 |     59 |   3 |   62.0 |
       Ossuary |    179 |    179 |      0 |     14 |     87 |   1 |  179.0 |
               +--------+--------+--------+--------+--------+-----+--------+

Top non-repeatable levels by time:
  Lair:2: 1051 daAuts
     D:5: 1021 daAuts
     D:8: 1004 daAuts
  Lair:1: 986 daAuts
  Lair:3: 836 daAuts
     D:4: 791 daAuts
     D:7: 726 daAuts
     D:6: 671 daAuts
     D:1: 609 daAuts
     D:2: 582 daAuts
  Lair:4: 461 daAuts
     D:3: 436 daAuts
 Ossuary: 179 daAuts
 Abyss:1: 169 daAuts
 Abyss:2: 16 daAuts
